 Dungeon Crawl Stone Soup version 0.25-a0-591-g2ad0d861f1 (webtiles) character file.

Game seed: 2197518212216068102, levelgen mode: deterministic

254 Esekla the Ducker (level 5, -1/25 HPs)
             Began as a Spriggan Artificer on Mar 14, 2020.
             Slain by a worker ant (6 damage)
             ... on level 4 of the Dungeon.
             The game lasted 00:25:01 (5109 turns).

Esekla the Ducker (Spriggan Artificer)              Turns: 5109, Time: 00:25:02

Health: -1/25      AC:  2    Str:  8    XL:     5   Next: 91%
Magic:  10/10      EV: 20    Int: 14    God:
Gold:   242        SH:  5    Dex: 16    Spells: 6/9 levels left

rFire    . . .     SeeInvis +   a - +1 short sword
rCold    . . .     Gourm    .   (shield restricted)
rNeg     . . .     Faith    .   b - +0 robe
rPois    .         Spirit   .   (helmet restricted)
rElec    .         Reflect  +   (no cloak)
rCorr    .         Harm     .   (gloves unavailable)
MR       .....                  (boots unavailable)
Stlth    ++........             w - +5 amulet of reflection
HPRegen  0.08/turn              (no ring)
MPRegen  0.12/turn              (no ring)

@: lethally poisoned (-1 -> -22), very quick
A: very small, unfitting armour, see invisible, herbivore, speed 3, slow
metabolism 2
a: no special abilities


You were on level 4 of the Dungeon.
You were very hungry.

You visited 1 branch of the dungeon, and saw 5 of its levels.

You collected 242 gold pieces.

Inventory:

Hand Weapons
 a - a +1 short sword (weapon)
Missiles
 q - 6 boomerangs (quivered)
Armour
 b - a +0 robe (worn)
 t - a +0 leather armour
Jewellery
 w - a +5 amulet of reflection (around neck)
Wands
 c - a wand of flame (15)
 d - a wand of enslavement (15)
 e - a wand of random effects (15)
Scrolls
 h - 4 scrolls of remove curse
 i - 2 scrolls of enchant weapon
 l - a scroll of teleportation {unknown}
 m - a scroll of magic mapping
 n - 3 scrolls of fear {unknown}
 x - a scroll of identify
Potions
 g - a potion of mutation
 j - a potion of lignification {unknown}
 k - a potion of cancellation
 o - a potion of brilliance
 p - a potion of invisibility
 r - a potion of flight
 s - a potion of magic
 u - a potion of might {unknown}
 v - a potion of degeneration {unknown}
Comestibles
 f - 8 rations


   Skills:
 - Level 0.7 Fighting
 * Level 4.6 Short Blades
 * Level 4.9 Dodging
 + Level 2.5 Stealth
 * Level 2.6 Spellcasting
 * Level 1.1 Hexes
 - Level 4.0 Evocations


You had 6 spell levels left.
You knew the following spells:

 Your Spells              Type           Power        Failure   Level  Hunger
a - Confusing Touch       Hex            #.......     38%         3    ###....

Your spell library contained the following spells:

 Spells                   Type           Power        Failure   Level  Hunger
 Gell's Gravitas          Tloc           #.........   56%         3    ###....
 Petrify                  Tmut/Erth      #.......     92%         4    #####..
 Metabolic Englaciation   Hex/Ice        #.........   99%         5    ######.
 Yara's Violent Unravell  Hex/Tmut       #.........   99%         5    ######.


Dungeon Overview and Level Annotations

Branches:
Dungeon (5/15)
 Temple: D:4-7

Altars:
Ashenzari
Makhleb
Qazlal
Uskayaw
Yredelemnul

Annotations:
D:4 2 transporters, Rotter5's ghost, amateur DsIE


Innate Abilities, Weirdness & Mutations

You are very small and have problems with some larger weapons.
You are too small for most types of armour.
You have supernaturally acute eyesight. (SInv)
You are a herbivore.
You cover ground extremely quickly.
You need to consume almost no food.


Message History

You closely miss the scorpion.
The scorpion is heavily wounded.
You feel sick. You block the scorpion's attack.
You barely miss the scorpion.
The scorpion is heavily wounded.
You feel sick. The worker ant misses you. The scorpion misses you.
You hit the scorpion but do no damage.
The scorpion is heavily wounded.
The worker ant completely misses you. The scorpion stings you.
You are lethally poisoned!
The scorpion poisons you!
You hit the scorpion but do no damage.
The scorpion is heavily wounded.
You feel sick. The worker ant misses you. The scorpion stings you.
* * * LOW HITPOINT WARNING * * *
You barely miss the scorpion.
The scorpion is heavily wounded.
* * * LOW HITPOINT WARNING * * *
You feel sick. The worker ant bites you.
You die...

#........(.# #.#####
#######.####
########.# ####.####
#........# #.......#
#.#####..#
#(##....###.##.##..#
#.##..#.......#...>#
#a##....###.##.##.##
#.#####s# #.#####.#
#.#####@# #.......#
#.....a.# #########
#########


You could see a scorpion and a worker ant.

Vanquished Creatures
  A centaur (D:5)
  A worker ant (D:4)
  A hound skeleton (D:4)
  2 adders (D:2)
  2 oozes
  2 worms (D:2)
  A dart slug (D:3)
  3 leopard geckos
  6 orcs
  2 ball pythons
  8 giant cockroaches
  7 goblins
  11 hobgoblins
  10 jackals
  A quokka (D:3)
  7 bats
  3 frilled lizards
  10 kobolds
  6 rats
84 creatures vanquished.

Notes
Turn   | Place    | Note
-------+----------+-------------------------------------------
     0 | D:1      | Esekla the Spriggan Artificer began the quest for the Orb.
     0 | D:1      | Reached XP level 1. HP: 9/9 MP: 4/4
   417 | D:2      | Reached skill level 1 in Spellcasting
   437 | D:2      | Reached XP level 2. HP: 14/14 MP: 6/6
   644 | D:2      | Reached XP level 3. HP: 4/17 MP: 7/7
  1213 | D:3      | Found a basalt altar of Yredelemnul.
  1610 | D:3      | Learned a level 3 spell: Confusing Touch
  1626 | D:4      | Noticed a phantom
  1799 | D:4      | Found a transporter.
  1803 | D:4      | Noticed Rotter5's ghost (amateur DsIE)
  2144 | D:2      | Reached XP level 4. HP: 21/21 MP: 8/8
  2235 | D:3      | Found a stormy altar of Qazlal.
  3436 | D:2      | Found a burning altar of Makhleb.
  3524 | D:3      | Found a hide-covered altar of Uskayaw.
  4332 | D:4      | Reached XP level 5. HP: 16/25 MP: 9/9
  4628 | D:4      | Found a transporter.
  4658 | D:4      | Found a shattered altar of Ashenzari.
  4811 | D:5      | Entered Level 5 of the Dungeon
  4811 | D:5      | Noticed a necrophage
  4811 | D:5      | Noticed a centaur
  4818 | D:5      | Killed a centaur
  4818 | D:5      | Reached skill level 1 in Hexes
  5109 | D:4      | Slain by a worker ant

Levels and vault maps discovered:
D:1:      dpeg_arrival_concentric_ovals, layout_basic, minmay_hedge_maze
D:2:      layout_rooms, lightli_temple_of_fire, hangedman_decor_peaks_small
D:3:      layout_loops_corners, lemuel_doored_altar, overflow_temple_1_default,
          lemuel_crystal_altar, minmay_misc_feat_enclosed,
          kennysheep_generic_room_11
D:4:      minmay_thinvault, layout_loops_cross, cheibrodos_ashenzari_chains,
          gammafunk_ghost_stat_death, minmay_misc_feat_pillars
D:5:      layout_cave_pools, first_ration, uniq_prince_ribbit1, uniq_menkaure,
          uniq_sigmund

Skill      XL: |  1  2  3  4  5 |
---------------+----------------+-----
Spellcasting   | 1 2 |  2.6
Short Blades   | 2 3 4 |  4.6
Dodging        | 4 |  4.9
Stealth        | 2 |  2.5
Hexes          | 1 |  1.1
Fighting       | |  0.7
Evocations     | |  4.0

Action                   |  1- 3 |  4- 6 || total
-------------------------+-------+-------++-------
Melee: Short sword       |   181 |   226 ||   407
Throw: Boomerang         |       |     5 ||     5
 Cast: Confusing Touch   |     1 |       ||     1
  Use: Scroll            |     4 |     5 ||     9
       Potion            |     2 |       ||     2
 Stab: Sleeping          |     5 |     7 ||    12
  Eat: Ration            |       |     1 ||     1
Armor: Robe              |    21 |    13 ||    34
Dodge: Dodged            |   143 |   181 ||   324
Block: Other             |       |     2 ||     2

Table legend:
 A = Non-vault XP
 B = Vault XP
 C = Vault XP percentage of total XP
 D = Non-vault monster count
 E = Vault monster count
 F = Vault count percentage of total count
                 A         B        C        D         E       F
            +---------+---------+-------+---------+---------+-------
      Total |     310 |      54 |  14.8 |      80 |       4 |   4.8
            +---------+---------+-------+---------+---------+-------
        D:1 |      37 |       0 |   0.0 |      18 |       0 |   0.0
        D:2 |      70 |       0 |   0.0 |      23 |       0 |   0.0
        D:3 |      78 |       1 |   1.3 |      35 |       1 |   2.8
        D:4 |       7 |      53 |  88.3 |       3 |       3 |  50.0
        D:5 |     118 |       0 |   0.0 |       1 |       0 |   0.0
            +---------+---------+-------+---------+---------+-------
